 Dungeon Crawl Stone Soup version 0.29-a0-529-gfa20dd96a1 (webtiles) character file.

Game seed: 6588963429783431476

58 zishaf the Grave Robber (level 4, -2/34 HPs)
             Began as a Human Necromancer on June 1, 2022.
             Slain by a kobold brigand
             ... wielding a +2 dagger of speed
              (3 damage)
             ... on level 3 of the Dungeon.
             The game lasted 00:03:48 (1778 turns).

zishaf the Grave Robber (Human Necromancer)         Turns: 1778, Time: 00:03:49

Health: -2/34      AC:  8    Str:  8    XL:     4   Next: 21%
Magic:  7/7        EV: 10    Int: 21    God:
Gold:   80         SH:  0    Dex: 20    Spells: 3/7 levels left

rFire   . . .      SeeInvis .   a - +0 short sword
rCold   . . .      Faith    .   (no shield)
rNeg    . . .      Spirit   .   q - +3 ring mail of Courage {Int+4}
rPois   .          Reflect  .   (no helmet)
rElec   .          Harm     .   (no cloak)
rCorr   .          Rampage  .   (no gloves)
Will    .....                   (no boots)
Stlth   ++........              (no amulet)
HPRegen 0.11/turn               c - +6 ring of dexterity
MPRegen 0.10/turn               (no ring)

@: lethally poisoned (-2 -> -6), slowed, very slow
A: no striking features
a: no special abilities


You were on level 3 of the Dungeon.
You visited 1 branch of the dungeon, and saw 3 of its levels.

You collected 80 gold pieces.

Inventory:

Hand Weapons
 a - a +0 short sword (weapon)
 b - a +0 hunting sling
Missiles
 m - 2 javelins
Armour
 d - a +0 robe
 q - the +3 ring mail of Courage (worn) {Int+4}
   (You found it on level 2 of the Dungeon)

   Int:       It affects your intelligence (+4).
Magical Staves
 p - a staff of fire
Jewellery
 c - a +6 ring of dexterity (left hand)
Scrolls
 g - 2 scrolls of teleportation {unknown}
 i - a scroll of vulnerability {unknown}
 j - a scroll of poison {unknown}
 l - a scroll of enchant weapon {unknown}
 o - a scroll of silence {unknown}
 r - a scroll of identify {unknown}
Potions
 f - a potion of brilliance {unknown}
 h - a potion of magic
 k - a potion of might {unknown}
 n - a potion of haste {unknown}


   Skills:
 + Level 2.3 Fighting
 - Level 2.0 Dodging
 - Level 2.0 Stealth
 - Level 2.0 Spellcasting
 + Level 4.8 Necromancy


You had 3 spell levels left.
You knew the following spells:

 Your Spells              Type           Power      Damage    Failure   Level
a - Necrotize             Necr           88%        1d8       6%          1
b - Vampiric Draining     Necr           22%        2d7       19%         3

Your spell library contained the following spells:

 Spells                   Type           Power      Damage    Failure   Level
 Foxfire                  Conj/Fire      8%         2x1d4     41%         1
 Conjure Flame            Conj/Fire      2%         6-21      80%         3
 Inner Flame              Hex/Fire       2%         N/A       80%         3
 Portal Projectile        Hex/Tloc       4%         N/A       80%         3
 Tukima's Dance           Hex            2%         N/A       80%         3
 Animate Dead             Necr           22%        N/A       54%         4
 Agony                    Necr           22%        N/A       87%         5
 Flame Wave               Conj/Fire      2%         2d4       99%         4
 Blade Hands              Tmut           1%         N/A       100%        5


Dungeon Overview and Level Annotations

Branches:
Dungeon (3/15)

Altars:


Message History

You have difficulty breathing.
You feel as though you will be slow longer.
Items here: )))).
A goblin comes into view. It is wielding a +0 dagger.
* * * LOW HITPOINT WARNING * * *
You feel very sick.
The goblin shouts!
The kobold brigand throws a poisoned dart.
The poisoned dart closely misses you.
Items here: ))) †.
It was a potion of curing.
You feel better.
The kobold brigand throws a curare-tipped dart.
The curare-tipped dart hits you.
You are lethally poisoned!
You have difficulty breathing.
* * * LOW HITPOINT WARNING * * *
You feel as though you will be slow longer.
The kobold brigand throws a poisoned dart.
The poisoned dart barely misses you.
You feel better.
The kobold brigand hits you with a +2 dagger of speed.
The kobold brigand closely misses you.
The kobold brigand throws a curare-tipped dart.
The curare-tipped dart closely misses you.
The kobold brigand throws a poisoned dart.
The poisoned dart hits you!
You are poisoned.
The goblin closely misses you.
The kobold brigand attacks as you move away!
The kobold brigand hits you with a +2 dagger of speed.
* * * LOW HITPOINT WARNING * * *
x2 You feel very sick.
The goblin hits you but does no damage.
You see here a +0 dagger.
You feel sick.
The goblin hits you but does no damage. x2
The kobold brigand hits you with a +2 dagger of speed.
* * * LOW HITPOINT WARNING * * *
The kobold brigand attacks as you move away!
The kobold brigand hits you with a +2 dagger of speed.
You die...

..####.....)......
######.........
................
................
..........####+# ..######..#
####### ####......#
###.....#####........#
######)....)))KK@)........#
#.......#####..g..........#
......###≈≈≈######.........#
.######≈≈≈≈≈≈≈ ###.......#
## ≈≈≈≈≈≈≈≈# .........#
####≈≈≈#... ..........#
##..................# #...
... .....


You could see 2 kobold brigands and a goblin.

Vanquished Creatures
  An adder (D:2)
  A ball python (D:2)
  5 bats
  4 endoplasms
  4 giant cockroaches (D:1)
  2 goblins
  4 hobgoblins (D:1)
  2 quokkas
  A frilled lizard (D:1)
  12 kobolds
  5 rats (D:1)
41 creatures vanquished.

Vanquished Creatures (collateral kills)
  An endoplasm (D:1)
  A goblin (D:1)
  A quokka (D:1)
  A bat (D:1)
  A kobold (D:3)
5 creatures vanquished.

Grand Total: 46 creatures vanquished

Notes
Turn   | Place    | Note
-------+----------+-------------------------------------------
     0 | D:1      | zishaf the Human Necromancer began the quest for the Orb.
     0 | D:1      | Reached XP level 1. HP: 13/13 MP: 3/3
     1 | D:1      | Noticed an electric eel
   163 | D:1      | Reached XP level 2. HP: 20/20 MP: 1/5
   222 | D:1      | Reached skill level 1 in Fighting
   516 | D:1      | Reached XP level 3. HP: 19/26 MP: 0/6
  1250 | D:2      | Learned a level 3 spell: Vampiric Draining
  1357 | D:2      | Reached XP level 4. HP: 33/33 MP: 5/7
  1365 | D:2      | Identified the +3 ring mail of Courage {Int+4}
  1756 | D:3      | Noticed a kobold brigand
  1756 | D:3      | Noticed a kobold brigand
  1777 | D:3      | HP: 1/34 [kobold brigand/+2 dagger of speed (6)]
  1778 | D:3      | Slain by a kobold brigand

Illustrated notes

Levels and vault maps discovered:
D:1:      arrival_aquarium_a, layout_rooms
D:2:      layout_rooms
D:3:      cheibrodos_thug_alley, layout_basic, lemuel_coloured_pillars_altar,
          minmay_overflow_temple_star_hex, hellmonk_ecumenical_altar_run_dry,
          uniq_natasha, uniq_grinder

Skill      XL: |  1  2  3 |
---------------+----------+-----
Fighting       | 1 2 |  2.3
Dodging        | |  2.0
Stealth        | |  2.0
Spellcasting   | |  2.0
Necromancy     | |  4.8

Action                   |  1- 3 |  4- 6 || total
-------------------------+-------+-------++-------
Melee: Short sword       |    17 |     3 ||    20
       Punch             |     1 |       ||     1
 Cast: Necrotize         |    55 |     9 ||    64
  Use: Potion            |       |     4 ||     4
 Stab: Sleeping          |     1 |       ||     1
Armor: Robe              |     8 |       ||     8
       Ring mail         |       |     5 ||     5
Dodge: Dodged            |    19 |    10 ||    29

Table legend: (Time is in decaauts)
 A = Elapsed time spent in this place.
 B = Non-inter-level travel time spent in this place.
 C = Inter-level travel time spent in this place.
 D = Time resting spent in this place.
 E = Time spent auto-exploring this place.
 F = Levels seen in this place.
 G = Mean time per level.
                   A        B        C        D        E       F      G
               +--------+--------+--------+--------+--------+-----+--------+
         Total |   1786 |   1749 |     37 |      0 |   1386 |   3 |  595.3 |
       Dungeon |   1786 |   1749 |     37 |      0 |   1386 |   3 |  595.3 |
               +--------+--------+--------+--------+--------+-----+--------+

Top non-repeatable levels by time:
     D:1: 1123 daAuts
     D:2: 482 daAuts
     D:3: 180 daAuts
